 Dungeon Crawl Stone Soup version 0.21.1-1-g345015f (webtiles) character file.

133 stankywizzleteets the Shield-Bearer (level 4, -4/40 HPs)
             Began as a Minotaur Fighter on May 4, 2018.
             Splashed by a jelly's acid (8 damage)
             ... on level 2 of the Dungeon.
             The game lasted 00:10:06 (1323 turns).

stankywizzleteets the Shield-Bearer (MiFi)          Turns: 1323, Time: 00:10:07

Health: -4/40      AC:  1    Str: 26    XL:     4   Next: 94%
Magic:  3/3        EV:  8    Int:  5    God:
Gold:   46         SH: 10    Dex: 10    Spells: 3/3 levels left

rFire    . . .     SeeInvis .   a - +0 war axe
rCold    . . .     Gourm    .   c - +0 shield
rNeg     . . .     Faith    .   b - +1 scale mail
rPois    .         Spirit   .   e - +0 hat
rElec    .         Reflect  .   (no cloak)
rCorr    .         Harm     .   n - +0 pair of gloves
MR       .....                  (no boots)
Stlth    ..........             (no amulet)
HPRegen  0.13/turn              (no ring)
MPRegen  0.08/turn              (no ring)

@: mighty, corroded
A: retaliatory headbutt, horns 2
a: no special abilities


You were on level 2 of the Dungeon.
You were not hungry.

You visited 1 branch of the dungeon, and saw 2 of its levels.

You collected 46 gold pieces.

Inventory:

Hand Weapons
 a - a +0 war axe (weapon)
 g - a +0 dagger
 j - a +0 short sword
 l - a +0 spear
Missiles
 h - 18 sling bullets
 k - 38 stones (quivered)
Armour
 b - a +1 scale mail (worn)
 c - a +0 shield (worn)
 e - a +0 hat (worn)
 n - a +0 pair of gloves (worn)
Jewellery
 o - an uncursed ring of protection from cold {unknown}
Potions
 d - 2 potions of might
Comestibles
 f - 5 rations


   Skills:
 + Level 4.2 Fighting
 + Level 4.2 Axes
 + Level 4.4 Armour
 + Level 0.4 Dodging
 + Level 0.1 Stealth
 + Level 4.5 Shields


You had 3 spell levels left.
You didn't know any spells.

Dungeon Overview and Level Annotations

Branches:
Dungeon (2/15)

Altars:


Innate Abilities, Weirdness & Mutations

You reflexively headbutt those who attack you in melee.
You have a pair of horns on your head.


Message History

The ooze is moderately wounded.
The ooze barely misses you.
You slash the ooze!
You kill the ooze!
The jelly hits you.
You are splashed with acid!
The acid burns!
* * * LOW HITPOINT WARNING * * *
You slash the jelly!
Your hands burn!
* * * LOW HITPOINT WARNING * * *
The jelly is heavily wounded.
The jelly barely misses you. You furiously retaliate!
You headbutt the jelly. You hit the jelly but do no damage.
Your hands burn!
* * * LOW HITPOINT WARNING * * *
The jelly is severely wounded.
The jelly barely misses you. You furiously retaliate!
You headbutt the jelly.
You aren't carrying any spellbooks or scrolls.
You feel very mighty all of a sudden. The jelly hits you.
* * * LOW HITPOINT WARNING * * *
The acid corrodes you!
You are splashed with acid!
The acid burns!
You die...

########## /..P.P...#
...P.P...# ..÷P...P.#
....÷.÷..# .÷...P...#
÷...JJ.JJ# #######J#
##)....@## #.########
##..'....# ####...(# #.
#.......##..# #.
#.......##..# #. ###
#.......##..#######.###
..#
#.......##.......(....#
#.# ##.....###..#.#
#.....#


You could see 2 jellies and an ooze.

Vanquished Creatures
  A jelly (D:2)
  3 gnolls (D:2)
  6 oozes (D:2)
  A dart slug (D:1)
  2 leopard geckos (D:1)
  6 bats
  2 giant cockroaches (D:1)
  3 goblins (D:1)
  3 hobgoblins
  2 jackals (D:1)
  A ball python (D:1)
  A frilled lizard (D:1)
  13 kobolds
  6 rats
50 creatures vanquished.

Vanquished Creatures (others)
  11 toadstools (D:2)
11 creatures vanquished.

Grand Total: 61 creatures vanquished

Notes
Turn   | Place    | Note
-------+----------+-------------------------------------------
     0 | D:1      | stankywizzleteets the Minotaur Fighter began the quest for the Orb.
     0 | D:1      | Reached XP level 1. HP: 19/19 MP: 0/0
   126 | D:1      | Reached XP level 2. HP: 24/27 MP: 1/1
   621 | D:1      | Reached XP level 3. HP: 33/33 MP: 2/2
  1249 | D:2      | Reached XP level 4. HP: 40/40 MP: 3/3
  1323 | D:2      | Splashed by a jelly's acid

Skill      XL: |  1  2  3  4 |
---------------+-------------+-----
Axes           | 3 4 |  4.2
Fighting       | 4 |  4.2
Shields        | 4 |  4.5
Armour         | 4 |  4.4
Dodging        | |  0.4
Stealth        | |  0.1

Action                   |  1- 3 |  4- 6 || total
-------------------------+-------+-------++-------
Melee: War axe           |    91 |    24 ||   115
       Headbutt          |    14 |     1 ||    15
  Use: Scroll            |     3 |       ||     3
       Potion            |       |     1 ||     1
  Eat: Ration            |     1 |       ||     1
Armor: Scale mail        |    52 |    18 ||    70
Dodge: Dodged            |    36 |    10 ||    46
Block: Shield            |    72 |    19 ||    91
